 Dungeon Crawl Stone Soup version 0.30.1-11-g7821555f0a (webtiles) character file.

Game seed: 13687413815292203911

644 Azazsd the Chopper (level 7, -4/60 HPs)
             Began as a Gnoll Chaos Knight on Nov 15, 2023.
             Was a Plaything of Xom.
             Slain by a wolf spider (glowing shapeshifter) (7 damage)
             ... on level 4 of the Dungeon.
             The game lasted 00:05:52 (3435 turns).

Azazsd the Chopper (Gnoll Chaos Knight)             Turns: 3435, Time: 00:05:53

Health: -4/60      AC: 11    Str: 13    XL:     7   Next: 52%
Magic:  10/10      EV:  7    Int: 18    God:    Xom [....*.]
Gold:   195        SH:  0    Dex: 11    Spells: 11/11 levels left

rFire   . . .        a - +0 hand axe (chaos)
rCold   + . .        (no shield)
rNeg    . . .        e - +0 chain mail
rPois   .            (no helmet)
rElec   .            (no cloak)
rCorr   .            (no gloves)
SInv    .            t - +0 pair of boots
Will    .....        (no amulet) Stlth
                     f - +6 ring of intelligence
HPRegen 0.30/turn    w - ring of Hospitality {rC+ Slay+6 Stlth+}
MPRegen 0.12/turn

%: no passive effects
@: lethally poisoned (-4 -> -28)
A: fangs 1, strong nose, distributed training, wild magic 1
a: Renounce Religion


You were on level 4 of the Dungeon.
You worshipped Xom.
You were a beloved toy of Xom.
You visited 1 branch of the dungeon, and saw 4 of its levels.

You collected 195 gold pieces.

Inventory:

Hand Weapons
 a - a +0 hand axe of chaos (weapon)
Armour
 b - a +2 leather armour
 e - a +0 chain mail (worn)
 t - a +0 pair of boots (worn)
Magical Staves
 v - a staff of fire
Jewellery
 f - a +6 ring of intelligence (left hand)
 w - the ring of Hospitality (right hand) {rC+ Slay+6 Stlth+}
   (Xom gifted it to you on level 4 of the Dungeon)

   [ring of protection from cold]

   Slay:      It affects your accuracy & damage with ranged weapons and melee
   (+6).
   rC:        It protects you from cold.
   Stlth:     It makes you more stealthy.
 y - a +6 ring of intelligence
Scrolls
 g - a scroll of noise
 h - 3 scrolls of identify
 i - a scroll of enchant weapon
 j - 2 scrolls of magic mapping
 l - a scroll of immolation {unknown}
 n - a scroll of summoning
 p - a scroll of fear {unknown}
 r - a scroll of vulnerability {unknown}
 s - a scroll of teleportation {unknown}
 x - a scroll of poison {unknown}
Potions
 d - 2 potions of attraction {unknown}
 k - a potion of ambrosia {unknown}
 m - a potion of might {unknown}
 q - a potion of lignification {unknown}
 u - a potion of magic {unknown}
Miscellaneous
 c - a piece from Xom's chessboard (15/15) (quivered)


   Skills:
 + Level 7.1 Fighting
 + Level 2.6 Short Blades
 + Level 2.6 Long Blades
 + Level 7.1 Axes
 + Level 2.6 Maces & Flails
 + Level 2.6 Polearms
 + Level 2.6 Staves
 + Level 2.6 Ranged Weapons
 + Level 2.6 Throwing
 + Level 5.3 Armour
 + Level 3.7 Dodging
 + Level 2.6 Stealth
 + Level 2.6 Shields
 + Level 2.6 Unarmed Combat
 + Level 2.6 Spellcasting
 + Level 2.1 Conjurations
 + Level 2.1 Hexes
 + Level 2.1 Summonings
 + Level 2.1 Necromancy
 + Level 2.1 Translocations
 + Level 2.1 Transmutations
 + Level 2.1 Fire Magic
 + Level 2.1 Ice Magic
 + Level 2.1 Air Magic
 + Level 2.1 Earth Magic
 + Level 2.1 Poison Magic
 + Level 2.9 Invocations
 + Level 2.6 Evocations


You had 11 spell levels left.
You didn't know any spells.
Your spell library contained the following spells:

 Spells                   Type           Power      Damage    Failure   Level
 Dazzling Flash           Conj/Hex       26%        N/A       99%         3
 Agony                    Necr           13%        N/A       100%        5
 Fireball                 Conj/Fire      6%         3d5       100%        5
 Iskenderun's Battlesphe  Conj           13%        2d7       100%        5
 Silence                  Hex/Air        6%         N/A       100%        5
 Conjure Ball Lightning   Conj/Air       6%         3x3d6     100%        6
 Orb of Destruction       Conj           6%         9d6       100%        7


Dungeon Overview and Level Annotations

Branches:
Dungeon (4/15)
 Temple: D:4-7

Altars:


Innate Abilities, Weirdness & Mutations

You have very sharp teeth.
Your uncanny sense of smell can sniff out nearby items.
Your experience applies equally to all skills.
Your spells are a little harder to cast, but a little more powerful.


Message History

The sea snake changes into a wolf spider!
You barely miss the wolf spider.
The wolf spider is lightly wounded.
The wolf spider hits you!
The wolf spider bites you but does no damage.
You barely miss the wolf spider. You bite the wolf spider.
The wolf spider is lightly wounded.
The wolf spider hits you! The wolf spider barely misses you.
You slash the wolf spider! You burn the wolf spider.
The wolf spider is moderately wounded.
The wolf spider hits you.
* * * LOW HITPOINT WARNING * * *
The wolf spider bites you!
* * * LOW HITPOINT WARNING * * *
The wolf spider barely misses you. x2
Okay, then.
It was a potion of heal wounds.
You feel much better. The wolf spider hits you!
The wolf spider barely misses you. The wolf spider hits you!
* * * LOW HITPOINT WARNING * * *
The wolf spider bites you!
* * * LOW HITPOINT WARNING * * *
Unknown command.
You feel much better. The wolf spider closely misses you.
The wolf spider bites you!
The wolf spider hits you but does no damage.
The wolf spider bites you.
As you read the scroll labelled BUENLIEPOT, it crumbles to dust.
Wisps of shadow whirl around you...
It was a scroll of summoning.
The wolf spider closely misses you. The wolf spider bites you!
* * * LOW HITPOINT WARNING * * *
You are lethally poisoned!
The wolf spider poisons you!
You swap places.
* * * LOW HITPOINT WARNING * * *
You feel extremely sick.
Your goblin hits the wolf spider with a +0 dagger.
Your endoplasm freezes the wolf spider.
The wolf spider is frozen.
The wolf spider hits you!
You die...
Xom roars with laughter!

....### #...# ..
......# ##..# #.#
......# #..####.#
......####.#..##.#
.......##..#<..#.#
.......#..##....w##
.......#..##......##
.........###...Js..#
..<......# #....@g.#
........## #.......#
........# ##.....##
###.....# #.....#
#.....## #.....#
#......# #....##
.......# ##...#
......# #...#
......#


You could see a wolf spider shaped shifter (ally target), a friendly dart slug
(summoned), a friendly endoplasm (summoned) and a friendly goblin (summoned).

Vanquished Creatures
  A jelly (D:4)
  Jessica (D:2)
  Natasha (thrice) (D:2)
  3 adders
  2 worms
  2 dart slugs
  5 orcs (D:3)
  2 ball pythons (D:1)
  7 bats
  7 endoplasms
  6 goblins
  4 hobgoblins
  6 jackals
  5 kobolds
  3 quokkas
  5 rats
62 creatures vanquished.

Vanquished Creatures (collateral kills)
  A blink frog (shapeshifter) (D:3)
  Sigmund (D:3)
  A hound (D:3)
  Terence (D:3)
  3 gnolls (D:3)
7 creatures vanquished.

Grand Total: 69 creatures vanquished

Notes
Turn   | Place    | Note
-------+----------+-------------------------------------------
     0 | D:1      | Azazsd the Gnoll Chaos Knight began the quest for the Orb.
     0 | D:1      | Reached XP level 1. HP: 23/23 MP: 1/1
   167 | D:1      | Reached XP level 2. HP: 29/29 MP: 2/2
   484 | D:2      | XOM: silly message
   551 | D:2      | XOM: silly message
   579 | D:2      | Reached XP level 3. HP: 32/35 MP: 3/3
   619 | D:2      | XOM: noise
   626 | D:2      | Noticed Natasha
   636 | D:2      | Killed Natasha
   637 | D:2      | Reached skill level 1 in Short Blades
   637 | D:2      | Reached skill level 1 in Long Blades
   637 | D:2      | Reached skill level 1 in Maces & Flails
   637 | D:2      | Reached skill level 1 in Polearms
   637 | D:2      | Reached skill level 1 in Staves
   637 | D:2      | Reached skill level 1 in Ranged Weapons
   637 | D:2      | Reached skill level 1 in Throwing
   637 | D:2      | Reached skill level 1 in Stealth
   637 | D:2      | Reached skill level 1 in Shields
   637 | D:2      | Reached skill level 1 in Unarmed Combat
   637 | D:2      | Reached skill level 1 in Spellcasting
   637 | D:2      | Reached skill level 1 in Invocations
   637 | D:2      | Reached skill level 1 in Evocations
   714 | D:2      | Noticed Natasha
   722 | D:2      | Reached XP level 4. HP: 17/41 MP: 5/5
   726 | D:2      | Killed Natasha
   727 | D:2      | Reached skill level 1 in Conjurations
   727 | D:2      | Reached skill level 1 in Hexes
   727 | D:2      | Reached skill level 1 in Summonings
   727 | D:2      | Reached skill level 1 in Necromancy
   727 | D:2      | Reached skill level 1 in Translocations
   727 | D:2      | Reached skill level 1 in Transmutations
   727 | D:2      | Reached skill level 1 in Fire Magic
   727 | D:2      | Reached skill level 1 in Ice Magic
   727 | D:2      | Reached skill level 1 in Air Magic
   727 | D:2      | Reached skill level 1 in Earth Magic
   727 | D:2      | Reached skill level 1 in Poison Magic
   830 | D:2      | Noticed Natasha
   842 | D:2      | Killed Natasha
   917 | D:2      | Noticed Jessica
   924 | D:2      | Reached XP level 5. HP: 26/47 MP: 5/7
   933 | D:2      | HP: 1/47 [Jessica/+0 club (5)]
   934 | D:2      | Killed Jessica
  1138 | D:2      | Found a faded altar of an unknown god.
  1417 | D:2      | XOM: silly message
  1759 | D:3      | Noticed Terence
  1761 | D:3      | XOM: cast spell 'Summon Small Mammal'
  1763 | D:3      | a gnoll changed into a shapeshifter
  1763 | D:3      | Noticed a shapeshifter (shapeshifter)
  1763 | D:3      | a shapeshifter changed into a blink frog
  1763 | D:3      | Noticed a blink frog (shapeshifter)
  1767 | D:3      | XOM: silly message
  1771 | D:3      | Killed a blink frog
  1772 | D:3      | Reached skill level 5 in Armour
  1772 | D:3      | Reached XP level 6. HP: 52/53 MP: 7/9
  1778 | D:3      | Killed Terence
  1835 | D:3      | XOM: summons 4 hostile demons
  2298 | D:3      | Noticed Sigmund
  2301 | D:3      | XOM: enchant monster (good)
  2326 | D:3      | XOM: summons friendly iron imp
  2331 | D:3      | Killed Sigmund
  2332 | D:3      | Reached XP level 7. HP: 52/60 MP: 10/10
  2477 | D:3      | XOM: god gift: staff of fire
  2595 | D:3      | XOM: god gift: book of the Spheres
  2656 | D:3      | XOM: god gift: 10 gold pieces
  2804 | D:4      | Identified the ring of Hospitality {rC+ Slay+6 Stlth+} (Xom
                  | gifted it to you on level 4 of the Dungeon)
  2804 | D:4      | XOM: god gift: ring of Hospitality {rC+ Slay+6 Stlth+}
  2882 | D:4      | XOM: smoke on damage
  3234 | D:4      | XOM: give mutation
  3234 | D:4      | Gained mutation: Your spells are a little harder to cast,
                  | but a little more powerful. [Xom's grace]
  3416 | D:4      | an adder changed into a glowing shapeshifter
  3416 | D:4      | Noticed a glowing shapeshifter (glowing shapeshifter)
  3416 | D:4      | a glowing shapeshifter changed into a faun
  3416 | D:4      | Noticed a faun (glowing shapeshifter)
  3422 | D:4      | a faun changed into a swamp worm
  3422 | D:4      | Noticed a swamp worm (glowing shapeshifter)
  3423 | D:4      | a swamp worm changed into a dream sheep
  3423 | D:4      | Noticed a dream sheep (glowing shapeshifter)
  3425 | D:4      | a dream sheep changed into a sea snake
  3425 | D:4      | Noticed a sea snake (glowing shapeshifter)
  3426 | D:4      | a sea snake changed into a wolf spider
  3426 | D:4      | Noticed a wolf spider (glowing shapeshifter)
  3435 | D:4      | HP: 3/60 [poisoned by a wolf spider]
  3435 | D:4      | Slain by a wolf spider (glowing shapeshifter)

Illustrated notes

Levels and vault maps discovered:
D:1:      nzn_arrival_crosshair, layout_basic
D:2:      layout_basic, dreamdust_ecumenical_altar_hidden_monk_grotto,
          corexii_shack, minmay_tripent, uniq_jessica, uniq_natasha
D:3:      layout_basic, uniq_sigmund, uniq_terence
D:4:      layout_cave_pods

Skill      XL: |  1  2  3  4  5  6 |
---------------+-------------------+-----
Short Blades   | 1 2 |  2.6
Long Blades    | 1 2 |  2.6
Maces & Flails | 1 2 |  2.6
Polearms       | 1 2 |  2.6
Staves         | 1 2 |  2.6
Ranged Weapons | 1 2 |  2.6
Throwing       | 1 2 |  2.6
Stealth        | 1 2 |  2.6
Shields        | 1 2 |  2.6
Unarmed Combat | 1 2 |  2.6
Spellcasting   | 1 2 |  2.6
Invocations    | 1 2 |  2.9
Evocations     | 1 2 |  2.6
Conjurations   | 1 2 |  2.1
Hexes          | 1 2 |  2.1
Summonings     | 1 2 |  2.1
Necromancy     | 1 2 |  2.1
Translocations | 1 2 |  2.1
Transmutations | 1 2 |  2.1
Fire Magic     | 1 2 |  2.1
Ice Magic      | 1 2 |  2.1
Air Magic      | 1 2 |  2.1
Earth Magic    | 1 2 |  2.1
Poison Magic   | 1 2 |  2.1
Dodging        | 3 |  3.7
Armour         | 5 |  5.3
Fighting       | 7 |  7.1
Axes           | 7 |  7.1

Action                     |  1- 3 |  4- 6 |  7- 9 || total
---------------------------+-------+-------+-------++-------
  Melee: Hand axe          |    68 |   103 |    57 ||   228
         Bite              |     6 |     7 |     9 ||    22
         Punch             |       |     4 |     2 ||     6
    Use: Scroll            |       |     3 |     1 ||     4
         Potion            |       |       |     2 ||     2
   Stab: Sleeping          |       |     3 |       ||     3
         Paralysed         |       |     2 |       ||     2
 Armour: Leather armour    |    16 |    19 |     5 ||    40
         Chain mail        |       |       |    14 ||    14
  Dodge: Dodged            |    51 |    54 |    21 ||   126
